 Dungeon Crawl Stone Soup version 0.30.0-30-g96aa6591b8 (webtiles) character file.

Game seed: 9780733495832880422

8535 cdecastro the Martial Artist (level 11, 0/109 HPs)
             Began as a Yellow Draconian Transmuter on June 29, 2023.
             Was a Priest of Ashenzari.
             Slain by a gnoll
             ... wielding a +0 flail
             ... led by a gnoll bouda
              (11 damage)
             ... on level 10 of the Dungeon.
             The game lasted 00:34:00 (11764 turns).

cdecastro the Martial Artist (DrTm)                Turns: 11764, Time: 00:34:00

Health: 0/109      AC:  7    Str: 12    XL:     11   Next: 11%
Magic:  7/14       EV: 10    Int: 18    God:    Ashenzari [***...]
Gold:   683        SH:  0    Dex: 12    Spells: 4/14 levels left

rFire   x .          .
                       - Unarmed
rCold   + + +        G - melded +1 kite shield of the Omniscient Sky {rN+, Comp, Evo} (curse)
rNeg    . . .        (body armour unavailable)
rPois   +            (helmet currently unavailable)
rElec   .            A - melded +0 cloak "Astrological Doubts" {Comp, Melee} (curse)
rCorr   .            x - melded +0 pair of gloves of the Fated Annoyance {Alch, Melee} (curse)
SInv    +            g - melded +2 pair of boots "Ruined Regret" {Slay+2, Alch, Evo} (curse)
Will    .....        (no amulet)
Stlth   +            (no ring)
HPRegen 0.38/turn    (no ring)
MPRegen 0.14/turn

%: clarity
@: ice-form, wereblooded
A: freezing attack, amphibious, boosted hp, (spit acid), AC +7, large, unfitting
armour, (cold-blooded), (acid resistance)
a: End Transformation, Renounce Religion, Curse Item, Shatter the Chains


You were on level 10 of the Dungeon.
You worshipped Ashenzari.
Ashenzari was most pleased with you.
You were a creature of crystalline ice.
You visited 2 branches of the dungeon, and saw 11 of its levels.
You also visited: Sewer and Ossuary.

You collected 683 gold pieces.

Inventory:

Missiles
 f - 6 atropa-tipped darts
 B - 7 poisoned darts
 E - 3 throwing nets
 L - a curare-tipped dart
Armour
 g - the cursed +2 pair of boots "Ruined Regret" (melded) {Slay+2, Alch, Evo}
   (You found it on level 2 of the Dungeon)

   Slay:      It affects your accuracy & damage with ranged weapons and melee
   (+2).
   It has a curse which improves the following skills: Alchemy: Poison Magic and
   Transmutations.
   Evocations: Evocations.
 x - the cursed +0 pair of gloves of the Fated Annoyance (melded) {Alch, Melee}
   (You found it on level 4 of the Dungeon)

   It has a curse which improves the following skills: Alchemy: Poison Magic and
   Transmutations.
   Melee Combat: Short Blades, Long Blades, Axes, Maces & Flails, Polearms,
   Staves and Unarmed Combat.
 A - the cursed +0 cloak "Astrological Doubts" (melded) {Comp, Melee}
   (You took it off Crazy Yiuf on level 5 of the Dungeon)

   It has a curse which improves the following skills: Companions: Summonings
   and Necromancy.
   Melee Combat: Short Blades, Long Blades, Axes, Maces & Flails, Polearms,
   Staves and Unarmed Combat.
 G - the cursed +1 kite shield of the Omniscient Sky (melded) {rN+, Comp, Evo}
   (You took it off a gnoll on level 7 of the Dungeon)

   It has a curse which improves the following skills: Companions: Summonings
   and Necromancy.
   Evocations: Evocations.
Magical Staves
 p - a staff of death
Wands
 u - a wand of polymorph (9)
 z - a wand of digging (5)
 J - a wand of paralysis (12)
 P - a wand of light (3)
Scrolls
 a - a scroll of immolation
 c - 2 scrolls of fear
 d - 3 scrolls of enchant armour
 h - 14 scrolls of identify
 i - 4 scrolls of amnesia
 j - 2 scrolls of summoning
 m - 4 scrolls of blinking
 o - 3 scrolls of fog
 r - a scroll of torment
 t - a scroll of enchant weapon
 v - 2 scrolls of acquirement
 w - a scroll of vulnerability
 y - a scroll of brand weapon
 F - a scroll of poison
 I - 3 scrolls of teleportation
 K - a scroll of magic mapping
Potions
 b - 3 potions of flight
 e - 5 potions of curing
 k - 7 potions of mutation
 l - 2 potions of ambrosia
 n - a potion of magic
 q - 3 potions of heal wounds
 s - 2 potions of resistance
 C - 2 potions of attraction
 D - a potion of might
 H - a potion of lignification
 N - a potion of brilliance
 O - a potion of haste
Miscellaneous
 M - a lightning rod (4/4)


   Skills:
 - Level 6.6 Fighting
 - Level 1.7 Dodging
 * Level 8.3 Shields
 + Level 10.5 Unarmed Combat
 - Level 2.0 Spellcasting
 - Level 10.0 Transmutations


You had 4 spell levels left.
You knew the following spells:

 Your Spells              Type           Power      Damage    Failure   Level
a - Beastly Appendage     Tmut           74%        N/A       1%          1
b - Wereblood             Tmut           37%        N/A       1%          2
c - Spider Form           Tmut/Pois      19%        N/A       7%          3
d - Ice Form              Ice/Tmut       19%        N/A       22%         4

Your spell library contained the following spells:

 Spells                   Type           Power      Damage    Failure   Level
 Passwall                 Tmut/Erth      15%        N/A       3%          2
 Magic Dart               Conj           4%         1d3       19%         1
 Shock                    Conj/Air       4%         1d3       19%         1
 Slow                     Hex            4%         N/A       19%         1
 Summon Small Mammal      Summ           4%         N/A       19%         1
 Call Imp                 Summ           2%         N/A       26%         2
 Cigotuvi's Dreadful Rot  Necr/Pois/Air  2%         N/A       26%         2
 Ensorcelled Hibernation  Hex/Ice        2%         N/A       26%         2
 Call Canine Familiar     Summ           1%         N/A       47%         3
 Confusing Touch          Hex            1%         N/A       47%         3
 Mephitic Cloud           Conj/Pois/Air  1%         N/A       47%         3
 Ozocubu's Armour         Ice            1%         N/A       47%         3
 Summon Guardian Golem    Hex/Summ       1%         N/A       47%         3
 Swiftness                Air            1%         N/A       47%         3
 Vampiric Draining        Necr           1%         2d6       47%         3
 Airstrike                Air            0%         2d(1-17)  87%         4
 Dispel Undead            Necr           1%         3d6       87%         4
 Passage of Golubria      Tloc           1%         N/A       87%         4
 Silence                  Hex/Air        0%         N/A       99%         5
 Death Channel            Necr           0%         N/A       100%        6
 Ozocubu's Refrigeration  Ice            0%         4d7       100%        7
 Lehudib's Crystal Spear  Conj/Erth      0%         10d2      100%        8


Dungeon Overview and Level Annotations

Branches:
Dungeon (10/15)            Temple (1/1) D:4           Sewer (visited)
Ossuary (visited)
   Lair: D:8-11         Orc: D:9-12

Altars:
Ashenzari
Cheibriados
Dithmenos
Elyvilon
Fedhas
Gozag
Hepliaklqana
Kikubaaqudgha
Makhleb
Nemelex Xobeh
Okawaru
Qazlal
Ru
Sif Muna
Trog
Uskayaw
Vehumet
Wu Jian
Xom
Yredelemnul
Zin
The Shining One

Shops:
D:3 =


Innate Abilities, Weirdness & Mutations

You are a creature of crystalline ice.
You have a powerful freezing melee attack.
You are amphibious.
Your maximum health is increased.
Your armour is entirely melded.
You are incapable of wielding weapons or throwing items.
((You can spit globs of acid.))
((Your golden yellow scales are hard. (AC +7)))
You cannot fit into any form of body armour.
((You are cold-blooded and may be slowed by cold attacks.))
((You are resistant to acid. (rCorr)))


Message History

You kill the gnoll!
A gnoll comes into view. It is wielding a +0 flail.
The gnoll shouts!
You punch the gnoll! You freeze the gnoll.
You feel a bit better.
You kill the gnoll!
Your attacks no longer feel as feeble.
The gnoll hits you from afar with a +1 halberd of freezing.
* * * LOW HITPOINT WARNING * * *
The gnoll bouda hits you with a +0 club.
* * * LOW HITPOINT WARNING * * *
The gnoll barely misses you.
Items here: $ )) ??.
You punch the gnoll bouda! You freeze the gnoll bouda.
The gnoll bouda is severely wounded.
You howl as the wereblood boils in your veins!
The gnoll barely misses you. The gnoll bouda barely misses you.
Unknown command.
You barely miss the gnoll bouda.
The gnoll bouda is severely wounded.
The gnoll hits you with a +0 flail!
* * * LOW HITPOINT WARNING * * *
The gnoll barely misses you.
The gnoll bouda hits you with a +0 club!
* * * LOW HITPOINT WARNING * * *
You pummel the gnoll bouda!! You freeze the gnoll bouda.
You feel a bit better.
You kill the gnoll bouda!
The gnoll hits you but does no damage.
The gnoll hits you from afar with a +1 halberd of freezing!
* * * LOW HITPOINT WARNING * * *
Unknown command.
The gnoll is no longer moving quickly. x2; The gnoll barely misses you.
The gnoll hits you with a +1 halberd of freezing!
* * * LOW HITPOINT WARNING * * *
Items here: $ ) [ †.
Unknown command.
You hit the gnoll. You freeze the gnoll.
The gnoll is heavily wounded.
You howl as the wereblood boils in your veins!
The gnoll hits you with a +0 flail!
You die...

..###########...# #.......#
................# #.......#
................# #.......#
...###..........# #.......#
*, , #....###...# #.......# *
#....###...####.......# ,
........................#
...............)..).........#
.. ............gYg..........#
.. ............)####........#
.# #####........# #........#
.# #........# #........# .#
#........# #...g....# .#
#........# #........#
.#######........####........#
..................<.........#
............................#


You could see 2 gnolls.

Vanquished Creatures
  A two-headed ogre (D:10)
  An unseen horror (D:10)
  Grinder (D:5)
  Sigmund (D:4)
  A shadow (D:10)
  12 yaks
  A hog (D:10)
  3 wyverns
  Grum (D:9)
  2 steam dragons
  Edmund (D:4)
  An orc warrior (D:4)
  Pargi (Temple)
  An ice beast (D:8)
  2 wolves (D:9)
  2 ogres
  3 centaurs
  A kobold brigand (D:8)
  2 elf zombies (Ossuary)
  5 bullfrogs
  3 gnoll sergeants
  5 scorpions
  8 wights
  6 killer bees (D:10)
  5 howler monkeys
  5 centaur zombies (Ossuary)
  5 orc priests
  3 hounds
  2 jellies (D:9)
  2 gnoll boudas
  5 human zombies (Ossuary)
  A sleepcap (D:5)
  Crazy Yiuf (D:5)
  Terence (D:3)
  Jessica (D:3)
  An iguana (D:3)
  15 orc wizards
  4 mummies
  15 gnolls
  10 adders
  6 river rats (Sewer)
  A shadow imp (D:7)
  A white imp (D:7)
  A worm (D:2)
  3 dart slugs (D:1)
  31 orcs
  20 ball pythons
  A bat (D:3)
  9 endoplasms
  3 giant cockroaches
  2 goblins
  10 hobgoblins
  2 quokkas
  5 frilled lizards
  12 kobolds
  34 rats
282 creatures vanquished.

Vanquished Creatures (others)
  A goblin (D:9)
1 creature vanquished.

Grand Total: 283 creatures vanquished

Notes
Turn   | Place    | Note
-------+----------+-------------------------------------------
     0 | D:1      | cdecastro the Draconian Transmuter began the quest for the
                  | Orb.
     0 | D:1      | Reached XP level 1. HP: 16/16 MP: 3/3
   157 | D:1      | Reached XP level 2. HP: 19/23 MP: 3/5
   181 | D:1      | Learned a level 2 spell: Wereblood
   274 | D:1      | Found a faded altar of an unknown god.
   400 | D:1      | Reached XP level 3. HP: 28/28 MP: 3/6
   404 | D:1      | Learned a level 3 spell: Spider Form
   587 | D:1      | Prayed at the altar of an unknown god.
   587 | D:1      | Became a worshipper of Ashenzari the Shackled
   682 | D:2      | Identified the +2 pair of boots of Cocatodiph {Slay+2}
   836 | D:2      | Found a sacrificial altar of Ru.
  1198 | D:3      | Noticed Jessica
  1208 | D:3      | Killed Jessica
  1209 | D:3      | Reached XP level 4. HP: 28/35 MP: 5/7
  1510 | D:3      | Found Laamp's Jewellery Shop.
  1717 | D:3      | Noticed Terence
  1735 | D:3      | Killed Terence
  2153 | D:4      | Noticed a scorpion
  2162 | D:4      | Killed a scorpion
  2163 | D:4      | Reached XP level 5. HP: 40/40 MP: 8/8
  2210 | D:4      | Found a glowing drain.
  2227 | Sewer    | Entered a sewer
  2460 | Sewer    | Reached skill level 5 in Transmutations
  2813 | Sewer    | Reached XP level 6. HP: 42/47 MP: 7/9
  3058 | Sewer    | Reached skill level 5 in Unarmed Combat
  3265 | D:4      | Noticed Edmund
  3388 | D:4      | Killed Edmund
  3389 | D:4      | Your scales start taking on a golden yellow colour.
  3389 | D:4      | Reached XP level 7. HP: 11/52 MP: 7/10
  3389 | D:4      | Gained mutation: You are resistant to acid. (rCorr) [Yellow
                  | Draconian growth]
  3903 | D:4      | Noticed Sigmund
  4035 | D:4      | Killed Sigmund
  4251 | D:4      | Found a staircase to the Ecumenical Temple.
  4265 | Temple   | Entered the Ecumenical Temple
  4335 | D:4      | Noticed Pargi
  4359 | Temple   | Killed Pargi
  4360 | Temple   | Reached XP level 8. HP: 53/59 MP: 11/11
  4367 | Temple   | Learned a level 4 spell: Ice Form
  4743 | D:4      | Found a hazy altar of Hepliaklqana.
  5062 | D:5      | Entered Level 5 of the Dungeon
  5299 | D:5      | Found an ancient bone altar of Kikubaaqudgha.
  5328 | D:5      | Found an opulent altar of Gozag.
  5414 | D:5      | Reached * piety under Ashenzari
  5414 | D:5      | Identified a scroll of acquirement
  5463 | D:5      | Identified the cursed +0 pair of gloves of the Fated
                  | Annoyance {Alch, Melee} (You found it on level 4 of the
                  | Dungeon)
  5936 | D:5      | Identified the +1 whip of Ceatuoj {freeze, rC+ rN+ Str+3
                  | Stlth-}
  6086 | D:5      | Found a runed translucent door.
  6087 | D:5      | Noticed Crazy Yiuf
  6356 | D:5      | Killed Crazy Yiuf
  6785 | D:6      | Noticed Grinder
  6805 | D:5      | Paralysed by Grinder for 4 turns
  6812 | D:5      | Paralysed by Grinder for 4 turns
  6821 | D:5      | Killed Grinder
  6822 | D:5      | Reached skill level 10 in Transmutations
  6822 | D:5      | Reached XP level 9. HP: 40/64 MP: 12/12
  7580 | D:7      | Found a sand-covered staircase.
  7595 | Ossuary  | Entered an ossuary
  7711 | Ossuary  | Reached skill level 5 in Fighting
  7851 | Ossuary  | Reached ** piety under Ashenzari
  7970 | D:7      | Found a stormy altar of Qazlal.
  8094 | D:7      | Found an iron altar of Okawaru.
  8105 | D:7      | Found a blossoming altar of Fedhas.
  8173 | D:7      | Identified the cursed +0 cloak "Astrological Doubts" {Comp,
                  | Melee} (You took it off Crazy Yiuf on level 5 of the
                  | Dungeon)
  8829 | D:7      | Reached *** piety under Ashenzari
  8853 | D:7      | Reached skill level 1 in Shields
  8881 | D:7      | Identified the cursed +1 kite shield of the Omniscient Sky
                  | {rN+, Comp, Evo} (You took it off a gnoll on level 7 of the
                  | Dungeon)
  8981 | D:8      | Reached XP level 10. HP: 36/84 MP: 8/13
  9523 | D:8      | Found a white marble altar of Elyvilon.
  9759 | D:8      | Reached skill level 5 in Shields
 10149 | D:9      | Noticed Grum
 10196 | D:9      | Killed Grum
 10351 | D:9      | Found a shimmering altar of Xom.
 10724 | D:9      | Reached skill level 10 in Unarmed Combat
 10940 | D:10     | Entered Level 10 of the Dungeon
 10963 | D:10     | Noticed a two-headed ogre
 10974 | D:10     | Killed a two-headed ogre
 11309 | D:10     | Reached XP level 11. HP: 86/91 MP: 14/14
 11677 | D:10     | Noticed Maggie
 11687 | D:10     | Maggie changed into Maggie the hog
 11687 | D:10     | Noticed Maggie
 11692 | D:10     | Killed Maggie the hog
 11702 | D:10     | Found a radiant altar of Vehumet.
 11764 | D:10     | Slain by a gnoll

Illustrated notes

Levels and vault maps discovered:
D:1:      onia_arrival_mini_spirals, layout_rooms,
          hellmonk_ecumenical_altar_defaced_shrine
D:2:      layout_rooms, basic_altar
D:3:      layout_basic, serial_shops, shop, roderic_serpentine_path,
          uniq_jessica, uniq_terence
D:4:      layout_cave_pods, lemuel_coloured_pillars_altar,
          minmay_temple_entry_hall, portal_sewer_entry_a, minmay_box_of_dots,
          uniq_edmund, uniq_sigmund, uniq_pargi
D:5:      layout_gridville, nicolae_overflow_crystal_walls,
          nicolae_gozag_seed_capital, mrwooster_statue_mirror,
          uniq_crazy_yiuf_cottage
D:6:      layout_basic, chequers_serial_rivers_small_a, uniq_grinder
D:7:      layout_gridville, mainiacjoe_overflow_alcove_4, kennysheep_little_box,
          okawaru_metal_pillars_3, gup_ossuary_entry_pyramid,
          reono_crystal_passage
D:8:      layout_rooms, mainiacjoe_overflow_alcove_2
D:9:      layout_irregular_city, dk_xom_monty_hall, uniq_grum
D:10:     layout_small_grid, amcnicky_altar_gilded, special_room
          [special_room_bee], minmay_guarded_unrand_variability, uniq_maggie
Temple:   nicolae_temple_ecumenical_triangle

Skill      XL: |  1  2  3  4  5  6  7  8  9 10 11 |
---------------+----------------------------------+-----
Transmutations | 3 4 5 6 8 10 | 10.0
Unarmed Combat | 4 5 6 7 8 10 | 10.5
Fighting       | 6 |  6.6
Shields        | 2 7 8 |  8.3
Dodging        | |  1.7
Spellcasting   | |  2.0

Action                     |  1- 3 |  4- 6 |  7- 9 | 10-12 || total
---------------------------+-------+-------+-------+-------++-------
  Melee: Unarmed           |    69 |   210 |   437 |   286 ||  1002
         Kick              |    12 |    28 |       |       ||    40
         Headbutt          |     5 |     9 |       |       ||    14
         Punch             |     2 |     5 |    17 |       ||    24
         Tailslap          |     7 |    17 |    67 |    48 ||   139
   Cast: Beastly Appendage |    22 |    20 |       |       ||    42
         Wereblood         |     1 |     3 |     5 |    10 ||    19
         Spider Form       |       |     1 |    12 |     1 ||    14
         Ice Form          |       |       |     1 |     1 ||     2
 Invoke: Curse Item        |     1 |       |     3 |       ||     4
Ability: Breathe Acid      |       |       |    11 |     3 ||    14
  Evoke: Wand              |       |       |       |     1 ||     1
    Use: Potion            |       |     2 |       |       ||     2
         Scroll            |       |     1 |       |       ||     1
   Stab: Sleeping          |       |       |     1 |       ||     1
         Distracted        |       |       |       |     1 ||     1
 Armour: Skin              |    12 |   130 |   160 |   100 ||   402
  Dodge: Dodged            |    27 |   162 |   263 |   109 ||   561
  Block: Kite shield       |       |       |     2 |   142 ||   144
